[Event "Grandmaster Triathlon (GM1)"]
[Site "Biel, CH"]
[Date "2025.07.13"]
[Round "1"]
[White "Svane, Frederik"]
[Black "Wojtaszek, Radoslaw"]
[Result "1-0"]
[Board "1"]
[TimeControl "900+5"]
[WhiteFideId "12923044"]
[BlackFideId "1118358"]
[WhiteTitle "GM"]
[BlackTitle "GM"]
[WhiteElo "2487"]
[BlackElo "2657"]
[WhiteTeam "GER"]
[BlackTeam "POL"]
[WhiteClock "0:00:16"]
[BlackClock "0:00:09"]
[Variant "Standard"]

1. e4 c6 2. d4 d5 3. exd5 cxd5 4. Nf3 Nc6 5. h3 e6 6. Bd3 Bd6 7. O-O Nge7 8. b3 O-O 9. c4 h6 10. Nc3 b6 11. Nb5 Bb8 12. Re1 a6 13. Nc3 Qd6 14. a4 Rd8 15. Ba3 Qf4 16. Rc1 Bd6 17. Ne2 Qf6 18. Bxd6 Rxd6 19. Qd2 dxc4 20. bxc4 Bb7 21. Be4 Nf5 22. Qf4 g5 23. Qh2 Rad8 24. Bxf5 Qxf5 25. Rb1 Ba8 26. Rxb6 R6d7 27. Ng3 Qg6 28. Rxc6 Bxc6 29. Ne5 Qc2 30. Nxc6 Rc8 31. Ne4 Rb7 32. Qd6 Kg7 33. Qe5+ Kg6 34. Nd6 1-0

[Event "Grandmaster Triathlon (GM1)"]
[Site "Biel, CH"]
[Date "2025.07.13"]
[Round "1"]
[White "Murzin, Volodar"]
[Black "Salem, A.R. Saleh"]
[Result "1/2-1/2"]
[Board "2"]
[TimeControl "900+5"]
[WhiteFideId "44155573"]
[BlackFideId "9301348"]
[WhiteTitle "GM"]
[BlackTitle "GM"]
[WhiteElo "2644"]
[BlackElo "2637"]
[WhiteTeam "FID"]
[BlackTeam "UAE"]
[WhiteClock "0:00:31"]
[BlackClock "0:00:07"]
[Variant "Standard"]

1. d4 Nf6 2. Nf3 g6 3. g3 Bg7 4. Bg2 d5 5. O-O O-O 6. c4 c6 7. b3 dxc4 8. bxc4 c5 9. Bb2 cxd4 10. Nxd4 Qb6 11. Nb3 Rd8 12. Qc1 Be6 13. N1d2 Nc6 14. Rb1 a5 15. Bc3 Qa7 16. Qa3 Nd7 17. Bxg7 Kxg7 18. Ne4 Bf5 19. Rb2 Rac8 20. Nbc5 b6 21. Nxd7 Rxd7 22. c5 bxc5 23. Nxc5 Rdc7 24. e4 Nd4 25. Nb3 Nxb3 26. axb3 Be6 27. b4 axb4 28. Qxa7 Rxa7 29. Rxb4 Rc2 30. e5 Raa2 31. Rf4 g5 32. Rf3 Bd5 33. Rf5 Bxg2 34. Kxg2 Kg6 35. Rf3 Re2 36. Rb3 Rxe5 37. Rb4 h5 38. h3 Rf5 39. Rb3 g4 40. hxg4 hxg4 41. Rb8 Kf6 42. Rg8 Rg5 43. Rxg5 Kxg5 44. Re1 e6 45. Re5+ Kg6 1/2-1/2

[Event "Grandmaster Triathlon (GM1)"]
[Site "Biel, CH"]
[Date "2025.07.13"]
[Round "1"]
[White "Aravindh, Chithambaram VR."]
[Black "Fedoseev, Vladimir"]
[Result "1/2-1/2"]
[Board "3"]
[TimeControl "900+5"]
[WhiteFideId "5072786"]
[BlackFideId "24130737"]
[WhiteTitle "GM"]
[BlackTitle "GM"]
[WhiteElo "2576"]
[BlackElo "2740"]
[WhiteTeam "IND"]
[BlackTeam "SLO"]
[WhiteClock "0:00:27"]
[BlackClock "0:00:37"]
[Variant "Standard"]

1. d4 d5 2. c4 e6 3. Nc3 a6 4. cxd5 exd5 5. Nf3 Nf6 6. Bg5 Be7 7. e3 h6 8. Bh4 Nbd7 9. Bd3 c6 10. Qc2 O-O 11. O-O Ne8 12. Bg3 Bd6 13. Ne5 Nxe5 14. dxe5 Be7 15. Rad1 Be6 16. Ne2 Nc7 17. Nd4 Bd7 18. e4 Bh4 19. Nf5 Bxg3 20. hxg3 f6 21. exd5 Bxf5 22. Bxf5 Nxd5 23. e6 Qe7 24. Rd4 Rad8 25. Rfd1 Rd6 26. Qe4 Rfd8 27. Qg4 Qe8 28. e7 Qxe7 29. Re4 Qf7 30. Rde1 h5 31. Qf3 Kf8 32. Be6 Qg6 33. g4 hxg4 34. Bxg4 Qg5 35. Qh3 Qh6 36. Qg3 g6 37. Bf3 Kg7 38. Rh4 Qd2 39. Rd1 Qxb2 40. Qh3 f5 41. Rh7+ Kg8 42. Re1 Nf6 43. Rhe7 Qd2 44. Qg3 Ne4 45. Bxe4 Qxe1+ 46. Kh2 Qxe4 47. Rxe4 fxe4 48. Qb3+ Kf8 49. Qxb7 c5 50. Qxe4 Rc8 51. Qc4 Rcc6 52. Kg3 Rd4 53. Qc3 Ke7 54. f4 Kd7 55. Kg4 Kc7 56. g3 Rd5 57. Qc4 Rd4 58. Qc3 Rd5 59. Qc4 Rcd6 60. Kh4 g5+ 61. Kg4 gxf4 62. gxf4 Kb6 63. Qb3+ Kc6 64. Qa4+ Kb7 65. Qb3+ Kc7 66. Qc4 Kb6 67. Qb3+ Ka7 68. Qc4 Rd7 69. Qc3 Rf7 70. Kg3 Rdf5 71. Qc4 R7f6 72. a4 Kb6 73. Qb3+ Ka5 74. Qc4 Rg6+ 75. Kf3 Rb6 76. Qc2 Rbf6 77. Ke3 Kb4 78. Qb2+ Kxa4 79. Qa2+ Kb5 80. Qb3+ Kc6 81. Qa4+ Kb6 82. Qb3+ Kc7 83. Qc4 Rd6 84. Qc2 Re6+ 85. Kf3 Ref6 86. Ke3 Kd6 87. Qd3+ Ke7 88. Qc3 Kf7 89. Qb3+ Kg7 90. Qb7+ Kh6 91. Qh1+ Kg7 92. Qb7+ Rf7 93. Qg2+ Kh6 94. Qh3+ Kg6 95. Qg2+ Kf6 96. Qc6+ Ke7 97. Qb7+ Kf8 98. Qa8+ Ke7 99. Qb7+ Kf6 100. Qc6+ Kg7 101. Qg2+ Kh6 102. Qh3+ Rh5 103. Qe6+ Kg7 104. Qg4+ Kh6 105. Qe6+ Kg7 106. Qg4+ Kh6 1/2-1/2

[Event "Grandmaster Triathlon (GM1)"]
[Site "Biel, CH"]
[Date "2025.07.13"]
[Round "2"]
[White "Aravindh, Chithambaram VR."]
[Black "Svane, Frederik"]
[Result "1-0"]
[Board "1"]
[TimeControl "900+5"]
[WhiteFideId "5072786"]
[BlackFideId "12923044"]
[WhiteTitle "GM"]
[BlackTitle "GM"]
[WhiteElo "2576"]
[BlackElo "2487"]
[WhiteTeam "IND"]
[BlackTeam "GER"]
[WhiteClock "0:01:25"]
[BlackClock "0:00:06"]
[Variant "Standard"]

1. d4 Nf6 2. Nf3 d5 3. e3 e6 4. Bd3 c5 5. b3 Bd6 6. O-O O-O 7. Bb2 cxd4 8. exd4 b6 9. Nbd2 a5 10. a4 Ba6 11. c4 Nc6 12. Rc1 Nb4 13. Bb1 Rc8 14. Re1 Bf4 15. Ne5 Nc6 16. Nef3 Re8 17. g3 Bh6 18. h4 g6 19. Ng5 Bg7 20. Ndf3 Rc7 21. Ne5 Bb7 22. c5 Nxe5 23. dxe5 Nd7 24. cxb6 Rxc1 25. Qxc1 h6 26. Nxf7 Kxf7 27. Bd4 Nf8 28. Qd2 g5 29. Rc1 gxh4 30. Qf4+ Kg8 31. Rc7 Re7 32. Qxh4 Nd7 33. Rxb7 Qf8 34. Rc7 Nxe5 35. Bxe5 1-0

[Event "Grandmaster Triathlon (GM1)"]
[Site "Biel, CH"]
[Date "2025.07.13"]
[Round "2"]
[White "Fedoseev, Vladimir"]
[Black "Murzin, Volodar"]
[Result "1-0"]
[Board "2"]
[TimeControl "900+5"]
[WhiteFideId "24130737"]
[BlackFideId "44155573"]
[WhiteTitle "GM"]
[BlackTitle "GM"]
[WhiteElo "2740"]
[BlackElo "2644"]
[WhiteTeam "SLO"]
[BlackTeam "FID"]
[WhiteClock "0:00:24"]
[BlackClock "0:00:09"]
[Variant "Standard"]

1. d4 d5 2. c4 c6 3. cxd5 cxd5 4. Bf4 e6 5. Qb3 Bd6 6. Bg3 Ne7 7. e3 Nf5 8. Bd3 Nxg3 9. hxg3 Nc6 10. Nc3 Bd7 11. Nf3 h6 12. a3 a6 13. O-O O-O 14. e4 dxe4 15. Nxe4 Be7 16. Rad1 Na5 17. Qc3 Rc8 18. Qd2 Bc6 19. Nc5 Bd5 20. b4 Nc4 21. Bxc4 Bxc4 22. Rfe1 Bd5 23. Ne5 Rc7 24. a4 a5 25. b5 b6 26. Ncd3 Qa8 27. Rc1 Rfc8 28. Rxc7 Rxc7 29. Nxf7 Bxg2 30. Nfe5 Bh1 31. Nc6 Bxc6 32. bxc6 Qxc6 33. Qe3 Qd6 34. Nf4 Bg5 35. Qb3 Qb4 36. Qxe6+ Rf7 37. Rc1 Qe7 38. Rc8+ 1-0

[Event "Grandmaster Triathlon (GM1)"]
[Site "Biel, CH"]
[Date "2025.07.13"]
[Round "2"]
[White "Salem, A.R. Saleh"]
[Black "Wojtaszek, Radoslaw"]
[Result "0-1"]
[Board "3"]
[TimeControl "900+5"]
[WhiteFideId "9301348"]
[BlackFideId "1118358"]
[WhiteTitle "GM"]
[BlackTitle "GM"]
[WhiteElo "2637"]
[BlackElo "2657"]
[WhiteTeam "UAE"]
[BlackTeam "POL"]
[WhiteClock "0:00:09"]
[BlackClock "0:00:29"]
[Variant "Standard"]

1. d4 Nf6 2. c4 e6 3. Nc3 Bb4 4. a3 Bxc3+ 5. bxc3 c5 6. f3 Nc6 7. e4 d6 8. Ne2 Qc7 9. Bg5 Nd7 10. Ng3 Na5 11. Bd3 b6 12. O-O h6 13. Bc1 Ba6 14. f4 Bxc4 15. Bxc4 Nxc4 16. f5 e5 17. f6 g6 18. a4 cxd4 19. cxd4 exd4 20. Ne2 Qc5 21. Nxd4 Nde5 22. Kh1 O-O-O 23. a5 Kb7 24. Nb3 Qc6 25. axb6 axb6 26. Nd4 Qxe4 27. Nb5 Ra8 28. Rxa8 Rxa8 29. Qxd6 Qd3 30. Qe7+ Kc6 31. Re1 Kxb5 32. Bf4 Nc6 33. Qxf7 Ra2 34. Qe6 Rf2 35. h3 Rxf4 36. f7 Qf5 37. f8=Q Qxf8 38. Qd5+ Ka6 39. Kh2 Qc5 40. Ra1+ N4a5 41. Qd3+ Rc4 42. Kh1 Qd4 43. Qf1 Qf4 44. Qd3 b5 45. Qa3 b4 46. Qd3 Qd4 47. Qf1 b3 48. Rd1 Qc5 49. Qe2 Qe5 50. Qd3 b2 51. Qd7 Rc1 0-1

[Event "Grandmaster Triathlon (GM1)"]
[Site "Biel, CH"]
[Date "2025.07.13"]
[Round "3"]
[White "Svane, Frederik"]
[Black "Salem, A.R. Saleh"]
[Result "1/2-1/2"]
[Board "1"]
[TimeControl "900+5"]
[WhiteFideId "12923044"]
[BlackFideId "9301348"]
[WhiteTitle "GM"]
[BlackTitle "GM"]
[WhiteElo "2487"]
[BlackElo "2637"]
[WhiteTeam "GER"]
[BlackTeam "UAE"]
[WhiteClock "0:01:37"]
[BlackClock "0:00:14"]
[Variant "Standard"]

1. e4 c5 2. Nf3 d6 3. Bb5+ Nd7 4. a4 Ngf6 5. Nc3 a6 6. Bc4 e6 7. d4 cxd4 8. Nxd4 Ne5 9. Ba2 Bd7 10. Be3 Qc7 11. Qe2 Rc8 12. f3 Be7 13. O-O O-O 14. a5 Nc4 15. Bxc4 Qxc4 16. Qxc4 Rxc4 17. Rfd1 Rfc8 18. Nde2 h6 19. Rd4 R4c7 20. Rd2 e5 21. Kf2 Be6 22. Ke1 Kf8 23. Kd1 Ke8 24. Nc1 Rc6 25. Nd5 Bd8 26. Ne2 Bxd5 27. exd5 Rc4 28. c3 Nd7 29. Kc2 Bg5 30. Bxg5 hxg5 31. b3 Rh4 32. h3 g6 33. c4 1/2-1/2

[Event "Grandmaster Triathlon (GM1)"]
[Site "Biel, CH"]
[Date "2025.07.13"]
[Round "3"]
[White "Wojtaszek, Radoslaw"]
[Black "Fedoseev, Vladimir"]
[Result "1-0"]
[Board "2"]
[TimeControl "900+5"]
[WhiteFideId "1118358"]
[BlackFideId "24130737"]
[WhiteTitle "GM"]
[BlackTitle "GM"]
[WhiteElo "2657"]
[BlackElo "2740"]
[WhiteTeam "POL"]
[BlackTeam "SLO"]
[WhiteClock "0:00:20"]
[BlackClock "0:00:13"]
[Variant "Standard"]

1. d4 d5 2. c4 e6 3. Nf3 a6 4. Bg5 Nf6 5. cxd5 exd5 6. Nc3 Be7 7. e3 h6 8. Bh4 Nbd7 9. Bd3 c6 10. Qc2 O-O 11. O-O Re8 12. Rad1 Nb6 13. h3 Be6 14. Ne5 Nfd7 15. Bg3 Nxe5 16. dxe5 Qc8 17. f4 f5 18. exf6 Bxf6 19. e4 Bxc3 20. bxc3 dxe4 21. Bxe4 Qc7 22. Qf2 Bc4 23. Rfe1 Nd5 24. Qc5 Nb6 25. Bf2 Qxf4 26. g3 Qf7 27. Qxb6 Bxa2 28. Qa5 Bb3 29. Rd2 Re6 30. Qb4 Bd5 31. Bxd5 Rxe1+ 32. Bxe1 cxd5 33. Qd6 a5 34. Qxd5 Qxd5 35. Rxd5 a4 36. Rd2 b5 37. Rb2 Kf7 38. Rxb5 a3 39. Rb1 a2 40. Ra1 Ke6 41. c4 Kf5 42. Bc3 Ra3 43. Bb2 Rxg3+ 44. Kh2 Rd3 45. Bxg7 Rd2+ 46. Kg3 Kg6 47. Bf8 Rd3+ 48. Kg2 Rd2+ 49. Kf3 Rc2 50. c5 h5 51. Ke4 Kf7 52. Bd6 Ke6 53. Kd3 Rf2 54. Kc4 h4 55. Kb5 Kd5 56. Rd1 Ke4 57. Kc6 Rf3 58. Ra1 Ra3 59. Be7 Ke5 60. Bxh4 Rxh3 61. Bd8 Ra3 62. Kb7 Kd4 63. c6 Kc3 64. Bf6+ 1-0

[Event "Grandmaster Triathlon (GM1)"]
[Site "Biel, CH"]
[Date "2025.07.13"]
[Round "3"]
[White "Murzin, Volodar"]
[Black "Aravindh, Chithambaram VR."]
[Result "1/2-1/2"]
[Board "3"]
[TimeControl "900+5"]
[WhiteFideId "44155573"]
[BlackFideId "5072786"]
[WhiteTitle "GM"]
[BlackTitle "GM"]
[WhiteElo "2644"]
[BlackElo "2576"]
[WhiteTeam "FID"]
[BlackTeam "IND"]
[WhiteClock "0:04:56"]
[BlackClock "0:07:34"]
[Variant "Standard"]

1. d4 Nf6 2. Nf3 e6 3. Bf4 c5 4. e3 d5 5. Nbd2 Nc6 6. c3 Nh5 7. Bg5 f6 8. Bh4 cxd4 9. cxd4 Be7 10. Be2 O-O 11. Ng1 g5 12. Bxg5 fxg5 13. Bxh5 e5 14. Ne2 exd4 15. Nxd4 Nxd4 16. exd4 Bf6 17. Nb3 Qe7+ 18. Qe2 Qb4+ 19. Qd2 Qe7+ 20. Qe3 Qb4+ 21. Qc3 Qe7+ 22. Qe3 Qb4+ 23. Qc3 1/2-1/2

[Event "Grandmaster Triathlon (GM1)"]
[Site "Biel, CH"]
[Date "2025.07.13"]
[Round "4"]
[White "Murzin, Volodar"]
[Black "Svane, Frederik"]
[Result "1-0"]
[Board "1"]
[TimeControl "900+5"]
[WhiteFideId "44155573"]
[BlackFideId "12923044"]
[WhiteTitle "GM"]
[BlackTitle "GM"]
[WhiteElo "2644"]
[BlackElo "2487"]
[WhiteTeam "FID"]
[BlackTeam "GER"]
[WhiteClock "0:01:37"]
[BlackClock "0:00:06"]
[Variant "Standard"]

1. d4 Nf6 2. Nf3 d5 3. Bf4 c5 4. e3 Nc6 5. c3 Nh5 6. Bg5 h6 7. Bh4 g5 8. Bg3 cxd4 9. cxd4 Nxg3 10. hxg3 e6 11. Nc3 Bd7 12. Bd3 Bd6 13. a3 g4 14. Ng1 f5 15. Nge2 Qf6 16. Rc1 Kf7 17. Na4 b6 18. Ba6 Ne7 19. Nac3 h5 20. Bb5 Bc8 21. Kd2 a6 22. Bd3 b5 23. Nf4 h4 24. Rxh4 Rxh4 25. gxh4 Bxf4 26. exf4 Qxd4 27. g3 Qxf2+ 28. Ne2 Bd7 29. Qg1 Qxg1 30. Rd1 Qe1+ 31. Rxe1 Nc6 32. Rc1 Ke7 33. Ke3 Na5 34. Rc2 Kd6 35. Nd4 Nc4+ 36. Kf2 Rc8 37. b3 Na5 38. Rxc8 Bxc8 39. Ke3 Bd7 40. Kd2 Be8 41. Kc3 Nb7 42. b4 Nd8 43. Nb3 Nb7 44. Kd4 Nd8 45. Nc5 Nc6+ 46. Ke3 d4+ 47. Ke2 a5 48. Nb7+ Kc7 49. Nxa5 Nxa5 50. bxa5 Kb7 51. Kd2 Ka6 52. a4 Kxa5 53. Bxb5 Bg6 54. Kd3 e5 55. fxe5 f4+ 56. Kxd4 fxg3 57. Ke3 Bf7 58. Bd7 Kb6 59. e6 1-0

[Event "Grandmaster Triathlon (GM1)"]
[Site "Biel, CH"]
[Date "2025.07.13"]
[Round "4"]
[White "Aravindh, Chithambaram VR."]
[Black "Wojtaszek, Radoslaw"]
[Result "1/2-1/2"]
[Board "2"]
[TimeControl "900+5"]
[WhiteFideId "5072786"]
[BlackFideId "1118358"]
[WhiteTitle "GM"]
[BlackTitle "GM"]
[WhiteElo "2576"]
[BlackElo "2657"]
[WhiteTeam "IND"]
[BlackTeam "POL"]
[WhiteClock "0:00:41"]
[BlackClock "0:04:18"]
[Variant "Standard"]

1. e4 e5 2. Nf3 Nc6 3. Bb5 a6 4. Ba4 Nf6 5. Nc3 Be7 6. O-O b5 7. Bb3 d6 8. a3 Bg4 9. h3 Bxf3 10. Qxf3 Nd4 11. Qd1 Nxb3 12. cxb3 c5 13. d3 O-O 14. b4 h6 15. f4 exf4 16. Bxf4 Qd7 17. Kh1 Rad8 18. d4 cxd4 19. Qxd4 Rfe8 20. Bh2 Qe6 21. Rae1 Bf8 22. Qd1 g6 23. Qf3 Nd7 24. Nd5 Rc8 25. Re2 Bg7 26. Ref2 Rf8 27. Nf4 Qe7 28. Nd5 Qe6 29. Nf4 Qe7 30. Nd5 1/2-1/2

[Event "Grandmaster Triathlon (GM1)"]
[Site "Biel, CH"]
[Date "2025.07.13"]
[Round "4"]
[White "Fedoseev, Vladimir"]
[Black "Salem, A.R. Saleh"]
[Result "1-0"]
[Board "3"]
[TimeControl "900+5"]
[WhiteFideId "24130737"]
[BlackFideId "9301348"]
[WhiteTitle "GM"]
[BlackTitle "GM"]
[WhiteElo "2740"]
[BlackElo "2637"]
[WhiteTeam "SLO"]
[BlackTeam "UAE"]
[WhiteClock "0:00:24"]
[BlackClock "0:00:07"]
[Variant "Standard"]

1. d4 Nf6 2. c4 g6 3. Nc3 d5 4. Nf3 Bg7 5. h4 dxc4 6. e4 O-O 7. e5 Nh5 8. Be3 c5 9. dxc5 Nc6 10. Bxc4 Nxe5 11. Nxe5 Bxe5 12. O-O Bd7 13. Bh6 e6 14. Qe2 Qf6 15. Bxf8 Rxf8 16. Rfe1 Bxc3 17. bxc3 Qxh4 18. g3 Qe7 19. Rad1 Rc8 20. Qe5 Rxc5 21. Qb8+ Bc8 22. Be2 Nf6 23. Qxa7 Kg7 24. c4 h5 25. Qb6 e5 26. Qd6 Qxd6 27. Rxd6 e4 28. Rb1 Rc7 29. Rb3 Be6 30. Rdb6 Bc8 31. R6b5 Nd7 32. Rd5 Nf6 33. Rd4 Bd7 34. c5 Rxc5 35. Rxb7 Be6 36. Rb2 Rc3 37. Bd1 e3 38. f3 Bd5 39. Kg2 g5 40. Rb5 Bxa2 41. Rxg5+ Kf8 42. Re5 Be6 43. Be2 Kg7 44. Bd3 Ra3 45. Rxe3 Bf5 46. Kf2 Be6 47. Re5 Ra2+ 48. Re2 Ra3 49. Rd2 Rc3 50. Be2 Ra3 51. Bc4 Bf5 52. Rf4 Bg6 53. Rd6 Nh7 54. Bd5 Ng5 55. Rd4 Rc3 56. Rc6 Ra3 57. f4 Nh7 58. Be4 Bxe4 59. Rxe4 Nf6 60. Re2 Ng4+ 61. Kg2 Ne3+ 62. Kh2 Nf1+ 63. Kg1 Nxg3 64. Re5 f6 65. Ree6 Ra4 66. Rxf6 Ne2+ 67. Kg2 Nxf4+ 68. Kf3 Nd5 69. Rfd6 Rf4+ 70. Kg3 h4+ 71. Kh3 Nf6 72. Rd2 Kf7 73. Rg2 Re4 74. Rf2 Re6 75. Rc7+ Re7 76. Rc4 Kg7 77. Rg2+ Kf7 78. Rf2 Kg7 79. Rc6 Rf7 80. Rc1 Re7 81. Rc6 Rf7 82. Rg2+ Kh7 83. Rc4 Kh8 84. Rg6 Kh7 85. Rg2 Kh8 86. Rf4 Rf8 87. Rg6 Nh7 88. Rfg4 Rf3+ 89. Kxh4 Rf8 90. Rg1 Nf6 91. Kg5 Nh7+ 92. Kh6 Nf6 93. Kg5 Nh7+ 94. Kh5 Nf6+ 95. Kh6 Nh7 96. R1g2 Nf6 97. Rh2 Nh7 98. Rd2 Nf6 99. Rd6 Ng8+ 100. Kg5 Ne7 101. Rge6 Ng8 102. Kg6 Rf1 103. Re4 Rg1+ 104. Kf5 Rf1+ 105. Ke5 Rh1 106. Rd8 Rg1 107. Rd7 Rh1 108. Rg4 Rh5+ 109. Ke6 Rh6+ 110. Kf5 Rf6+ 111. Kg5 Rh6 112. Rd8 Rh1 113. Kf4 Rf1+ 114. Ke3 1-0

[Event "Grandmaster Triathlon (GM1)"]
[Site "Biel, CH"]
[Date "2025.07.13"]
[Round "5"]
[White "Svane, Frederik"]
[Black "Fedoseev, Vladimir"]
[Result "0-1"]
[Board "1"]
[TimeControl "900+5"]
[WhiteFideId "12923044"]
[BlackFideId "24130737"]
[WhiteTitle "GM"]
[BlackTitle "GM"]
[WhiteElo "2487"]
[BlackElo "2740"]
[WhiteTeam "GER"]
[BlackTeam "SLO"]
[WhiteClock "0:00:11"]
[BlackClock "0:04:04"]
[Variant "Standard"]

1. e4 c5 2. Nf3 e6 3. d4 cxd4 4. Nxd4 Nf6 5. Bd3 d6 6. c4 Nc6 7. Nxc6 bxc6 8. Nc3 Be7 9. O-O O-O 10. Be3 Bb7 11. a3 d5 12. exd5 cxd5 13. Rc1 Rc8 14. Ne2 Ng4 15. Bf4 Qb6 16. cxd5 Bxd5 17. Nc3 Nf6 18. Nxd5 Nxd5 19. Be5 Ne3 20. Qh5 f5 21. Rxc8 Rxc8 22. Rb1 Ng4 23. Bg3 g6 24. Qh3 Qd4 25. Bf1 Rc2 26. Kh1 Rxf2 27. Re1 Qd2 28. Rb1 h5 29. Bh4 Rf4 30. Qb3 Bxh4 31. Qxe6+ Kg7 32. Bc4 Qd4 33. Qf7+ Kh6 34. Qf8+ Qg7 35. Qxg7+ Kxg7 36. g3 Rxc4 0-1

[Event "Grandmaster Triathlon (GM1)"]
[Site "Biel, CH"]
[Date "2025.07.13"]
[Round "5"]
[White "Salem, A.R. Saleh"]
[Black "Aravindh, Chithambaram VR."]
[Result "0-1"]
[Board "2"]
[TimeControl "900+5"]
[WhiteFideId "9301348"]
[BlackFideId "5072786"]
[WhiteTitle "GM"]
[BlackTitle "GM"]
[WhiteElo "2637"]
[BlackElo "2576"]
[WhiteTeam "UAE"]
[BlackTeam "IND"]
[WhiteClock "0:00:07"]
[BlackClock "0:00:35"]
[Variant "Standard"]

1. d4 Nf6 2. c4 Nc6 3. Nf3 e6 4. a3 d5 5. Nbd2 Bd6 6. Qc2 O-O 7. c5 Bf4 8. e3 Bh6 9. b4 g6 10. Bb2 Ne7 11. Bd3 c6 12. O-O Bg7 13. a4 Nd7 14. b5 Qc7 15. Qc3 f6 16. e4 e5 17. Qb3 Kh8 18. Rfe1 exd4 19. Bxd4 Ne5 20. Bf1 Be6 21. Nxe5 fxe5 22. Qg3 Rad8 23. Bb2 dxe4 24. Nxe4 Nf5 25. Qc3 Bd5 26. f3 Nd4 27. Rad1 Bxe4 28. fxe4 Qe7 29. Bc1 cxb5 30. axb5 Rxf1+ 31. Kxf1 Qf8+ 32. Kg1 Ne2+ 33. Rxe2 Rxd1+ 34. Re1 Rxe1+ 35. Qxe1 Qxc5+ 36. Be3 Qxb5 37. Bxa7 h5 38. h3 Kh7 39. Bf2 Qc4 40. Bb6 Qb5 41. Be3 Qb3 42. Kh2 b5 43. Qd2 Qc4 44. Qd5 Qxd5 45. exd5 e4 46. Kg3 Be5+ 47. Kf2 b4 48. Bc5 b3 49. Ba3 b2 50. Bxb2 Bxb2 51. Ke3 Be5 52. Kxe4 Bd6 53. h4 Bg3 54. d6 Bxh4 0-1

[Event "Grandmaster Triathlon (GM1)"]
[Site "Biel, CH"]
[Date "2025.07.13"]
[Round "5"]
[White "Wojtaszek, Radoslaw"]
[Black "Murzin, Volodar"]
[Result "1/2-1/2"]
[Board "3"]
[TimeControl "900+5"]
[WhiteFideId "1118358"]
[BlackFideId "44155573"]
[WhiteTitle "GM"]
[BlackTitle "GM"]
[WhiteElo "2657"]
[BlackElo "2644"]
[WhiteTeam "POL"]
[BlackTeam "FID"]
[WhiteClock "0:04:00"]
[BlackClock "0:01:33"]
[Variant "Standard"]

1. d4 Nf6 2. c4 g6 3. Nf3 Bg7 4. g3 d6 5. Nc3 O-O 6. Bg2 Bd7 7. O-O Qc8 8. e4 Bh3 9. e5 Bxg2 10. Kxg2 Nfd7 11. Bf4 Nc6 12. Re1 dxe5 13. dxe5 Nc5 14. Qe2 Ne6 15. Qe4 Rd8 16. Be3 Rd7 17. Rad1 Rxd1 18. Rxd1 Qe8 19. Nd5 Rd8 20. Rd2 Rd7 21. Nf4 Nxf4+ 22. Bxf4 Rxd2 23. Bxd2 Qd7 24. b4 Nxe5 25. Qxb7 Nxf3 26. Qa8+ Bf8 27. Bh6 Nh4+ 28. gxh4 Qg4+ 29. Kh1 Qd1+ 1/2-1/2

[Event "Grandmaster Triathlon (GM1)"]
[Site "Biel, CH"]
[Date "2025.07.18"]
[Round "9"]
[White "Svane, Frederik"]
[Black "Murzin, Volodar"]
[Result "1/2-1/2"]
[Board "1"]
[TimeControl "40/7200:1800+30"]
[WhiteFideId "12923044"]
[BlackFideId "44155573"]
[WhiteTitle "GM"]
[BlackTitle "GM"]
[WhiteElo "2659"]
[BlackElo "2671"]
[WhiteTeam "GER"]
[BlackTeam "FID"]
[WhiteClock "0:02:32"]
[BlackClock "0:05:35"]
[Variant "Standard"]

1. e4 c6 2. d4 d5 3. exd5 cxd5 4. Nf3 Nc6 5. Be3 Nf6 6. Nbd2 Bf5 7. Bb5 Rc8 8. c4 Bd7 9. c5 g6 10. O-O Bg7 11. Bxc6 bxc6 12. Re1 O-O 13. Ne5 Be8 14. b4 Nd7 15. Bf4 f6 16. Nxd7 Bxd7 17. Qb3 Re8 18. Qc3 Ra8 19. Nb3 Bf5 20. Rad1 a6 21. h3 Qd7 22. Bg3 Be6 23. Na5 Bf7 24. a4 Rac8 25. Rd2 Bf8 26. Qd3 Ra8 27. Rde2 Kh8 28. Qf3 Rac8 29. Qd3 Ra8 30. Qf3 Rac8 31. Re3 Kg8 32. Qe2 Qa7 33. h4 h5 34. Bf4 Kh7 35. Bg3 Kg8 36. Bh2 Kh7 37. Bf4 Kh8 38. Qd3 Kg8 39. R3e2 Kh8 40. Qh3 e6 41. Qd3 Kh7 42. Qf3 Qd7 43. Bg3 Bg7 44. Bd6 Ra8 45. Qf4 Rac8 46. Kh2 Ra8 47. Kh1 Rac8 48. Kg1 Qd8 49. Qg3 Qd7 50. Re3 Bg8 51. Qf3 Bf7 52. Qe2 Ra8 53. Qd3 Kg8 54. R3e2 Kh7 55. Bh2 Kg8 56. Qg3 e5 57. dxe5 fxe5 58. Qd3 Qc7 59. Qc3 d4 60. Qd3 Kh7 61. Qxd4 exd4 62. Bxc7 Rxe2 63. Rxe2 Bd5 64. Bf4 Rf8 65. Bd2 Bf6 66. Bg5 d3 67. Rd2 Bxg5 68. hxg5 Rb8 69. Rxd3 Rxb4 70. Re3 Rxa4 71. Nb7 a5 72. Re7+ Kg8 73. Nd6 Ra1+ 74. Kh2 a4 75. Re8+ Kg7 76. Re7+ Kf8 77. Re8+ Kg7 78. Re7+ Kf8 1/2-1/2

[Event "Grandmaster Triathlon (GM1)"]
[Site "Biel, CH"]
[Date "2025.07.18"]
[Round "9"]
[White "Wojtaszek, Radoslaw"]
[Black "Aravindh, Chithambaram VR."]
[Result "1/2-1/2"]
[Board "2"]
[TimeControl "40/7200:1800+30"]
[WhiteFideId "1118358"]
[BlackFideId "5072786"]
[WhiteTitle "GM"]
[BlackTitle "GM"]
[WhiteElo "2651"]
[BlackElo "2724"]
[WhiteTeam "POL"]
[BlackTeam "IND"]
[WhiteClock "0:29:14"]
[BlackClock "0:59:10"]
[Variant "Standard"]

1. d4 d5 2. c4 c6 3. Nf3 Nf6 4. Nc3 dxc4 5. a4 Bf5 6. Ne5 Nbd7 7. Nxc4 Qc7 8. g3 e5 9. dxe5 Nxe5 10. Bf4 Nfd7 11. Bg2 g5 12. Ne3 gxf4 13. Nxf5 O-O-O 14. Qc2 Nc5 15. O-O fxg3 16. hxg3 a5 17. Rfd1 h5 18. Ne4 Nxe4 19. Qxe4 Bb4 20. e3 Kb8 21. Rd4 Rde8 22. Qc2 Rd8 23. Rad1 f6 24. Rxd8+ Rxd8 25. Be4 Rg8 26. Kg2 Ng4 27. Bf3 Rg5 28. Rh1 Qe5 29. Be4 Qe8 30. Bf3 Qe5 31. Be4 Qe8 32. Bf3 Qe5 1/2-1/2

[Event "Grandmaster Triathlon (GM1)"]
[Site "Biel, CH"]
[Date "2025.07.18"]
[Round "9"]
[White "Salem, A.R. Saleh"]
[Black "Fedoseev, Vladimir"]
[Result "1-0"]
[Board "3"]
[TimeControl "40/7200:1800+30"]
[WhiteFideId "9301348"]
[BlackFideId "24130737"]
[WhiteTitle "GM"]
[BlackTitle "GM"]
[WhiteElo "2627"]
[BlackElo "2739"]
[WhiteTeam "UAE"]
[BlackTeam "SLO"]
[WhiteClock "0:11:04"]
[BlackClock "0:14:04"]
[Variant "Standard"]

1. d4 d5 2. c4 e6 3. Nf3 Nf6 4. g3 c6 5. Bg2 b6 6. O-O Be7 7. Nc3 O-O 8. b3 a5 9. Re1 Nbd7 10. Nd2 Ba6 11. e4 dxc4 12. Nxc4 Bxc4 13. bxc4 e5 14. Ne2 exd4 15. Nxd4 Ne5 16. Bf4 Nfg4 17. Nxc6 Nxc6 18. Qxg4 Qc8 19. Qxc8 Raxc8 20. Bh3 Nd4 21. Bxc8 Nf3+ 22. Kf1 Nxe1 23. Bb7 Nd3 24. Bc7 Nb4 25. a4 Nd3 26. Ke2 Nc5 27. Bd5 Nd7 28. Bf4 Bb4 29. Be3 Nc5 30. f4 Re8 31. Kf3 Kf8 32. g4 f6 33. h4 h6 34. Rg1 Ke7 35. g5 hxg5 36. hxg5 Bc3 37. gxf6+ gxf6 38. Rg7+ Kd6 39. Rg6 Kc7 40. Bxc5 bxc5 41. Kg4 Rh8 42. Kf5 Rh4 43. Rg3 Bd2 44. Rg7+ Kb6 45. Kxf6 Rxf4 46. Ke6 Rh4 47. e5 Rh5 48. Rb7+ Ka6 49. Rf7 Be1 50. Rf3 Bh4 51. Kd6 Rh8 52. e6 Rd8 53. Kc7 Re8 54. Rb3 Rh8 55. Rh3 1-0